AoeStats
← TheRatPatrol785

MegaRandom

505144013Analyzed
4v4 RM · 25d ago on Sep 8, 2026· 37m 8s· 8 players
Game mode
Random Map
Map size
Large (8 player)
Population
200
Speed
Normal
Resources
Standard
Victory
Conquest
Starting age
Dark Age
Ending age
Imperial Age
RankedLock teamsTeams togetherTeam positionsShared explorationLock speedFull tech treeHidden civsTurbo modeCheats
Victory
Defeat
🇺🇸 Huns · United States
1060
+16
🇺🇸 Teutons · United States
1050
+16
🇩🇴 Vietnamese · Dominican Republic
1037
+17
🇺🇸 Celts · United States
1020
+17
🇺🇸 Spanish · United States
1057
-17
🇺🇸 Huns · United States
1053
-17
🇺🇸 Bengalis · United States
1051
-16
🇺🇸 Franks · United States
1041
-16
NY-Radamantiz
0:31 Loom
8:51 Feudal Age
12:48 Castle Age
12:18 Gold Mining
12:22 Fletching
12:32 Padded Archer Armor
13:28 Bodkin Arrow
13:47 Thumb Ring
15:54 Ballistics
15:52 Leather Archer Armor
22:14 Horse Collar
23:42 Heavy Plow
34:43 Imperial Age
31:59 Town Watch
34:18 Gold Shaft Mining
36:02 Bracer
35:53 Heavy Cavalry Archer
NY-judyelpesao
0:31 Loom
11:57 Feudal Age
16:24 Castle Age
16:04 Double-Bit Axe
22:45 Imperial Age
20:53 Wheelbarrow
23:31 Bow Saw
26:21 Chemistry
26:02 Fletching
30:12 Heavy Scorpion
35:26 Capped Ram
NY-HENRY
0:30 Loom
9:38 Feudal Age
13:42 Castle Age
12:54 Double-Bit Axe
14:52 Wheelbarrow
15:53 Forging
15:44 Scale Mail Armor
25:08 Fletching
30:09 Horse Collar
33:57 Imperial Age
31:51 Scale Barding Armor
32:21 Iron Casting
33:46 Bloodlines
adriel.fe1123
1:32 Loom
11:23 Feudal Age
11:32 Man-at-Arms
13:31 Fletching
23:58 Castle Age
21:57 Gold Mining
22:09 Double-Bit Axe
28:25 Imperial Age
26:57 Horse Collar
28:54 Wheelbarrow
28:40 Bow Saw
28:46 Stone Mining
31:20 Hand Cart
33:38 Chatras
34:49 Heavy Plow
36:27 Crop Rotation
Showbiz8624
0:39 Loom
10:40 Feudal Age
12:53 Fletching
13:04 Padded Archer Armor
13:11 Scale Barding Armor
14:33 Wheelbarrow
19:20 Castle Age
19:37 Castle Age
20:38 Bodkin Arrow
21:04 Chain Barding Armor
27:43 Paiks
28:50 Ballistics
33:51 Murder Holes
34:39 Bloodlines
34:45 Husbandry
TheRatPatrol785
1:00 Loom
10:58 Feudal Age
13:44 Double-Bit Axe
13:45 Horse Collar
14:48 Town Watch
15:40 Wheelbarrow
19:00 Castle Age
19:58 Heavy Plow
20:25 Husbandry
20:43 Bloodlines
22:49 Gold Mining
23:54 Scale Barding Armor
23:59 Forging
23:40 Fletching
25:06 Chain Barding Armor
27:10 Gold Shaft Mining
26:30 Stone Mining
27:06 Marauders
31:26 Iron Casting
32:11 Hand Cart
32:37 Bodkin Arrow
35:23 Town Patrol
stankms
1:15 Loom
10:56 Feudal Age
13:15 Wheelbarrow
12:28 Town Watch
14:56 Castle Age
14:37 Bloodlines
18:05 Fletching
26:38 Padded Archer Armor
31:31 Horse Collar
33:40 Hand Cart
34:17 Guard Tower
35:19 Careening
35:06 Bodkin Arrow
36:13 Masonry
philber
4:50 Loom
11:17 Feudal Age
14:24 Wheelbarrow
17:53 Castle Age
16:00 Double-Bit Axe
19:08 Hand Cart
19:14 Husbandry
19:31 Stone Mining
20:47 Gold Mining
22:22 Forging
25:13 Gold Shaft Mining
27:40 Imperial Age
27:51 Iron Casting
27:22 Scale Barding Armor
27:48 Cavalier
29:41 Blast Furnace
29:47 Conscription
29:58 Paladin
31:30 Chain Barding Armor
Connection lost

Rejoining the realm…

Still unreachable

The connection could not be restored.

Session expired

The server has moved on; the page needs a fresh start.